AoeStats
← 极地沙尘暴

Arena

507081821Analyzed
3v3 RM · 16d ago on Sep 16, 2026· 19m 49s· 6 players
Game mode
Random Map
Map size
Normal (6 player)
Population
200
Speed
Normal
Resources
Standard
Victory
Conquest
Starting age
Dark Age
Ending age
Imperial Age
RankedLock teamsTeams togetherTeam positionsShared explorationLock speedFull tech treeHidden civsTurbo modeCheats
Victory
Defeat
🇨🇳 Mongols · China
1417
+16
🇨🇳 Cumans · China
1417
+16
🇨🇳 Armenians · China
1367
+18
🇭🇰 Huns · Hong Kong SAR China
1464
-18
🇮🇹 Italians · Italy
1438
-18
🇪🇸 Cumans · Spain
1339
-14
极地沙尘暴
9:01 Feudal Age
9:33 Double-Bit Axe
13:28 Horse Collar
14:29 Loom
20:39 Wheelbarrow
流光
10:33 Feudal Age
10:36 Man-at-Arms
11:29 Long Swordsman
14:07 Loom
剃刀割猪头
10:04 Feudal Age
14:07 Castle Age
12:09 Horse Collar
12:43 Double-Bit Axe
Game project 0001
8:17 Loom
10:15 Feudal Age
15:22 Castle Age
13:41 Double-Bit Axe
14:01 Horse Collar
Mesq6000
9:27 Feudal Age
10:46 Wheelbarrow
10:11 Double-Bit Axe
10:14 Horse Collar
13:26 Loom
GdR_Tuna
11:01 Feudal Age
14:51 Castle Age
13:25 Double-Bit Axe
13:53 Horse Collar
15:51 Bow Saw
17:40 Fletching
Connection lost

Rejoining the realm…

Still unreachable

The connection could not be restored.

Session expired

The server has moved on; the page needs a fresh start.